 Dungeon Crawl Stone Soup version 0.31-a0-845-g9abc20d24f (webtiles) character file.

Game seed: 9661147824734030508

601 Kurtz the Cleaver (level 7, -3/46 HPs)
             Began as an Octopode Fighter on Oct 2, 2023.
             Slain by Eustachio
             ... wielding a +0 rapier of flaming
              (10 damage)
             ... on level 5 of the Dungeon.
             The game lasted 00:04:09 (4288 turns).

Kurtz the Cleaver (Octopode Fighter)                Turns: 4288, Time: 00:04:11

Health: -3/46      AC:  1    Str: 22    XL:     7   Next: 41%
Magic:  7/7        EV: 13    Int: 10    God:
Gold:   247        SH:  4    Dex: 13    Spells: 6/6 levels left

rFire   . . .        a - +0 war axe
rCold   . . .        b - +0 buckler
rNeg    . . .        (helmet restricted)
rPois   .            (no amulet)
rElec   .            i - ring of resist corrosion
rCorr   +            n - +6 ring of strength
SInv    .            (no ring)
Will    .....        (no ring)
Stlth   ++           (no ring)
HPRegen 0.27/turn    (no ring)
MPRegen 0.10/turn    (no ring)
                     (no ring)

%: no passive effects
@: no status effects
A: almost no armour, amphibious, 8 rings, camouflage 1, gelatinous body 1,
(nimble swimmer 1), tentacles
a: no special abilities


You were on level 5 of the Dungeon.
You visited 1 branch of the dungeon, and saw 5 of its levels.

You collected 247 gold pieces.

Inventory:

Hand Weapons
 a - a +0 war axe (weapon)
Missiles
 f - 12 poisoned darts (quivered)
Armour
 b - a +0 buckler (worn)
Jewellery
 i - a ring of resist corrosion (left tentacle)
 n - a +6 ring of strength (right tentacle)
Scrolls
 c - a scroll of fog {unknown}
 d - 2 scrolls of revelation {unknown}
 e - 2 scrolls of teleportation {unknown}
 g - 3 scrolls of noise {unknown}
 h - 3 scrolls of enchant weapon {unknown}
 j - a scroll of vulnerability {unknown}
 k - 3 scrolls of blinking {unknown}
 l - a scroll of torment {unknown}
 m - 2 scrolls of identify {unknown}
 r - 3 scrolls of amnesia {unknown}
 s - a scroll of butterflies {unknown}
Potions
 q - a potion of curing {unknown}


   Skills:
 - Level 3.0 Fighting
 * Level 8.0 Axes
 - Level 3.0 Dodging
 - Level 3.0 Shields


You had 6 spell levels left.
You didn't know any spells.
Your spell library contained the following spells:

 Spells                   Type           Power      Damage    Failure   Level
 Necrotise                Necr           0%         1d4       43%         1
 Sandblast                Erth           0%         2d4       43%         1
 Passwall                 Tmut/Erth      0%         N/A       56%         2
 Stone Arrow              Conj/Erth      0%         3d7       80%         3
 Vampiric Draining        Necr           0%         2d6       80%         3
 Brom's Barrelling Bould  Conj/Erth      0%         2d3       99%         4
 Agony                    Necr           0%         N/A       100%        5


Dungeon Overview and Level Annotations

Branches:
Dungeon (5/15)
 Temple: D:4-7

Altars:
Yredelemnul

Shops:
D:3 =   D:4 (

Annotations:
D:3 2 transporters, arthad's ghost, amateur DEEE
D:5 1 runed translucent door, Eustachio


Innate Abilities, Weirdness & Mutations

You cannot wear most types of armour.
You are amphibious.
You can wear up to eight rings at the same time.
Your skin changes colour to match your surroundings (Stealth+).
Your rubbery body absorbs attacks. (AC +1, EV +1)
((You are camouflaged when in or above water. (Stealth+)))
You have tentacles for arms and can constrict up to eight enemies at once.


Message History

The poisoned dart barely misses the river rat.
You hear a splash.
Eustachio casts a spell.
Eustachio blinks!
You slash Eustachio! Your grab misses Eustachio.
You squeeze Eustachio, but do no damage.
Eustachio is moderately wounded.
Eustachio gestures wildly while chanting.
You hit Eustachio but do no damage. Your grab misses Eustachio.
Eustachio is moderately wounded.
You closely miss the river rat.
Eustachio mumbles some strange words.
The river rat bites you!
You hit the iron imp. Your grab misses the iron imp.
Your squeeze misses the iron imp.
The iron imp is moderately wounded.
You closely miss Eustachio. You hit the river rat but do no damage.
You block Eustachio's attack. The river rat barely misses you.
The iron imp hits you. Eustachio barely misses you.
Unknown command.
You closely miss Eustachio. Your grab misses Eustachio.
Eustachio is moderately wounded.
You hit the river rat. You hit the iron imp but do no damage.
You hit the black bear. The river rat bites you! The black bear misses you.
The black bear closely misses you. The black bear claws you.
Eustachio screams, "This atrocity can only be purified with blood!"
Eustachio gestures wildly while chanting.
You block the iron imp's attack.
It was a potion of heal wounds.
You feel much better. The river rat bites you! The black bear bites you.
The black bear claws you. You block the black bear's attack.
Eustachio completely misses you.
It was a potion of cancellation.
You feel magically purged. The iron imp hits you! The river rat bites you!
You block the black bear's attack. The black bear claws you.
* * * LOW HITPOINT WARNING * * *
The black bear claws you.
* * * LOW HITPOINT WARNING * * *
Eustachio hits you with a +0 rapier of flaming!
You die...
Eustachio says, "Such is the fate of all honourless rascals."

############## ######.
#............#######....§..
#.##########.#.........(.#
#.# #5#h≈≈≈§§≈≈.§§# #.#
#.@.≈r......§... #.#
#r@r≈.≈≈≈.≈.≈... #.#
#...≈.≈...≈.§§.. #.#
#.#.≈.≈._.≈.§§.. #.#
######...≈.≈...≈§§.(. #.#
#......>.≈.≈≈(≈≈.§... #.#
##.###...≈..§... #.# #.#
#...§§≈≈≈≈ #.# #.#
#...§.....


You could see Eustachio, a black bear, an iron imp (summoned), 2 river rats and
a quokka (summoned).

Vanquished Creatures
  2 ogres
  2 scorpions (D:4)
  2 jellies (D:5)
  An iguana (D:4)
  Natasha (thrice) (D:2)
  4 adders
  3 worms
  3 dart slugs
  10 orcs (D:3)
  5 bats
  9 endoplasms
  3 giant cockroaches
  7 hobgoblins
  9 jackals
  2 quokkas
  9 ball pythons
  5 frilled lizards
  10 goblins
  6 kobolds
  5 rats
100 creatures vanquished.

Notes
Turn   | Place    | Note
-------+----------+-------------------------------------------
     0 | D:1      | Kurtz the Octopode Fighter began the quest for the Orb.
     0 | D:1      | Reached XP level 1. HP: 16/16 MP: 1/1
    64 | D:1      | Reached XP level 2. HP: 18/21 MP: 2/2
    77 | D:1      | Reached skill level 3 in Axes
   541 | D:1      | Reached XP level 3. HP: 26/26 MP: 3/3
  1246 | D:2      | Reached skill level 4 in Axes
  1362 | D:2      | Noticed Natasha
  1371 | D:2      | Reached XP level 4. HP: 14/31 MP: 4/4
  1372 | D:2      | Killed Natasha
  1665 | D:2      | Noticed Natasha
  1667 | D:2      | Found a faded altar of an unknown god.
  1670 | D:2      | Killed Natasha
  1721 | D:2      | Noticed Natasha
  1726 | D:2      | Killed Natasha
  1727 | D:2      | Reached skill level 5 in Axes
  1727 | D:2      | Reached XP level 5. HP: 29/36 MP: 5/5
  1935 | D:3      | Found Asusasch's Jewellery Emporium.
  2300 | D:3      | Found a transporter.
  2303 | D:3      | Found a transporter.
  2303 | D:3      | Noticed arthad's ghost (amateur DEEE)
  3056 | D:4      | Found Ykhleust's Weapon Shoppe.
  3068 | D:4      | Reached skill level 6 in Axes
  3068 | D:4      | Reached XP level 6. HP: 36/42 MP: 6/6
  3359 | D:4      | Found the +4 robe of Augmentation {Str+4 Int+4 Dex+4}
  3393 | D:4      | Reached skill level 7 in Axes
  3481 | D:4      | Reached XP level 7. HP: 46/46 MP: 7/7
  4049 | D:5      | Entered Level 5 of the Dungeon
  4064 | D:5      | Found a runed translucent gate.
  4138 | D:5      | Found a basalt altar of Yredelemnul.
  4183 | D:5      | Reached skill level 8 in Axes
  4269 | D:5      | Noticed Eustachio
  4288 | D:5      | Slain by Eustachio

Illustrated notes

Levels and vault maps discovered:
D:1:      matt_arrival_refuge, layout_loops_corners
D:2:      layout_rooms, ebering_ecumenical_altar_hall, uniq_natasha
D:3:      layout_basic, gammafunk_ghost_arena, serial_shops, shop
D:4:      layout_cave_pods, serial_shops, nicolae_shop_bloodbath_and_beyond
D:5:      layout_basic, worldfamousw_hep_ancestral_shrine,
          mainiacjoe_overflow_concentric_impassable,
          mainiacjoe_overflow_alcove_1, serial_shops,
          nicolae_shop_advertising_works [nicolae_subvault_shop_adworks],
          gammafunk_ghost_nasty_kobolds, uniq_prince_ribbit1, uniq_eustachio,
          uniq_grinder

Skill      XL: |  1  2  3  4  5  6  7 |
---------------+----------------------+-----
Axes           | 3 4 5 6 7 8 |  8.0
Fighting       | |  3.0
Dodging        | |  3.0
Shields        | |  3.0

Action                     |  1- 3 |  4- 6 |  7- 9 || total
---------------------------+-------+-------+-------++-------
  Melee: War axe           |    82 |    80 |    19 ||   181
         Constrict         |    16 |    20 |     2 ||    38
         Tentacles         |     9 |    12 |     5 ||    26
         Punch             |     4 |       |       ||     4
  Throw: Dart              |       |       |     7 ||     7
    Use: Potion            |       |     1 |     2 ||     3
   Stab: Sleeping          |     6 |     4 |     2 ||    12
 Armour: Skin              |    48 |    37 |    15 ||   100
  Dodge: Dodged            |    67 |    32 |    15 ||   114
  Block: Buckler           |    20 |    15 |     4 ||    39

Table legend: (Time is in decaauts)
 A = Elapsed time spent in this place.
 B = Non-inter-level travel time spent in this place.
 C = Inter-level travel time spent in this place.
 D = Time resting spent in this place.
 E = Time spent auto-exploring this place.
 F = Levels seen in this place.
 G = Mean time per level.
                   A        B        C        D        E       F      G
               +--------+--------+--------+--------+--------+-----+--------+
         Total |   4356 |   4170 |    186 |    262 |   3229 |   5 |  871.2 |
       Dungeon |   4356 |   4170 |    186 |    262 |   3229 |   5 |  871.2 |
               +--------+--------+--------+--------+--------+-----+--------+

Top non-repeatable levels by time:
     D:1: 1194 daAuts
     D:3: 1167 daAuts
     D:4: 1013 daAuts
     D:2: 739 daAuts
     D:5: 241 daAuts
